Map: Romanticide LE

Players

PiLiPiLi

  • Race: Protoss Protoss
  • League: Grandmaster

Astrea - Winner!

  • Race: Protoss Protoss
  • League: Master

Event: DreamHack SC2 Masters 2021 Summer

VOD

Have the link to the VOD?

Description

Time

  • Played on: May 28, 2021, 3:56 p.m.
  • Length: 13:57

All games in this series

Show
View Real Time Build Order
Export as new Build Order

PiLiPiLi Protoss 

Build Orders: Oracle Opening 

Get SALT Encoding   

  12  0:00  Probe  
  13  0:12  Probe  
  14  0:18  Pylon  
  14  0:24  Probe  
  15  0:36  Probe (Chrono Boost)  
  15  0:40  Gateway  
  16  0:45  Probe (Chrono Boost)  
  16  0:46  Assimilator  
  17  0:51  Probe (Chrono Boost)  
  18  0:58  Assimilator  
  18  1:03  Probe (Chrono Boost)  
  19  1:09  Gateway  
  19  1:15  Probe (Chrono Boost)  
  20  1:21  Probe (Chrono Boost)  
  21  1:26  Cybernetics Core  
  21  1:29  Probe  
  22  1:40  Pylon  
  22  1:41  Probe  
  23  1:58  Probe  
  24  2:02  Warp Gate (Chrono Boost)  
  24  2:03  Adept x2  
  28  2:12  Probe, Pylon  
  29  2:22  Stargate  
  29  2:35  Probe  
  29  2:48  Nexus  
  29  2:52  Probe  
  30  3:03  Oracle (Chrono Boost)  
  30  3:04  Probe  
  31  3:12  Shield Battery  
  34  3:31  Void Ray (Chrono Boost)  
  34  3:34  Probe  
  37  3:45  Stalker  
  37  3:47  Pylon  
  39  3:56  Shield Battery  
  39  4:00  Probe, Twilight Council  
  40  4:11  Void Ray (Chrono Boost)  
  43  4:19  Stalker  
  43  4:20  Stalker  
  43  4:22  Probe  
  42  4:30  Probe  
  24  4:58  Probe  
  24  4:59  Probe  
  26  5:09  Pylon  
  26  5:14  Probe  
  26  5:15  Probe  
  28  5:23  Oracle (Chrono Boost)  
  28  5:27  Probe (Chrono Boost)  
  29  5:30  Probe (Chrono Boost)  
  30  5:42  Probe (Chrono Boost)  
  32  5:44  Probe (Chrono Boost)  
  32  5:48  Probe (Chrono Boost)  
  33  5:50  Pylon  
  33  5:52  Probe  
  33  5:58  Probe  
  32  6:04  Probe  
  32  6:10  Probe, Adept x2  
  38  6:16  Probe  
  39  6:22  Probe  
  40  6:27  Twilight Council  
  40  6:30  Probe  
  41  6:34  Probe, Adept  
  41  6:35  Adept  
  44  6:42  Probe  
  44  6:46  Probe  
  42  6:54  Probe  
  42  6:58  Probe  
  42  7:01  Blink (Chrono Boost)  
  39  7:08  Probe  
  40  7:14  Probe  
  41  7:20  Probe  
  42  7:26  Probe  
  42  7:32  Probe, Stalker  
  42  7:37  Stalker  
  43  7:38  Probe  
  43  7:44  Probe  
  43  7:50  Probe  
  41  7:53  Gateway  
  41  7:56  Probe  
  42  8:02  Probe, Stalker  
  42  8:03  Stalker  
  45  8:08  Probe  
  46  8:15  Probe  
  45  8:20  Probe  
  47  8:27  Probe  
  47  8:28  Nexus  
  47  8:30  Stalker  
  47  8:31  Sentry  
  47  8:34  Probe  
  52  8:39  Probe, Pylon  
  53  8:46  Probe  
  53  8:47  Stalker  
  56  8:51  Probe  
  56  8:53  Robotics Facility  
  57  8:58  Probe  
  58  9:06  Stalker x2  
  60  9:15  Stalker  
  62  9:17  Probe  
  61  9:26  Gateway  
  61  9:29  Gateway  
  61  9:31  Pylon, Assimilator  
  57  9:45  Warp Prism (Chrono Boost)  
  57  9:47  Stalker x2  
  57  9:50  Probe (Chrono Boost)  
  64  9:54  Probe x2 (Chrono Boost)  
  64  9:57  Gateway  
  66  10:02  Gateway  
  66  10:03  Probe (Chrono Boost)  
  66  10:06  Probe x2 (Chrono Boost), Shield Battery  
  69  10:11  Probe (Chrono Boost)  
  69  10:12  Probe (Chrono Boost)  
  72  10:14  Observer  
  72  10:15  Charge (Chrono Boost), Stalker  
  72  10:19  Probe, Stalker  
  72  10:21  Probe  
  77  10:23  Probe  
  79  10:29  Gateway  
  79  10:31  Pylon  
  79  10:36  Pylon  
  79  10:40  Stalker x2  
  74  10:56  Stalker x3  
  66  11:07  Probe  
  66  11:08  Probe x2  
  61  11:20  Probe x2 (Chrono Boost)  
  61  11:25  Warp Prism  
  66  11:26  Probe (Chrono Boost)  
  66  11:30  Probe (Chrono Boost)  
  66  11:31  Probe (Chrono Boost), Sentry  
  66  11:32  Sentry x2  
  74  11:33  Observer, Zealot  
  74  11:35  Probe (Chrono Boost)  
  74  11:37  Shield Battery  
  74  11:39  Probe  
  77  11:43  Probe  
  79  11:53  Probe  
  80  11:58  Zealot  
  80  12:00  Zealot x3  
  85  12:05  Probe  
  85  12:06  Probe, Observer  
  87  12:18  Zealot  
  87  12:19  Zealot x4  
  87  12:20  Zealot x2  
  101  12:23  Pylon  
  101  12:43  Zealot  
  101  12:44  Zealot x6  
  91  12:56  Zealot  
  85  13:04  Zealot  
  85  13:05  Zealot x6  
  89  13:23  Zealot x2  
  77  13:28  Zealot x2  
  77  13:29  Zealot x4  
Show
View Real Time Build Order
Export as new Build Order

Astrea Protoss - Winner!

Build Orders: Phoenix Opening 

Get SALT Encoding   

  12  0:00  Probe  
  13  0:12  Probe  
  14  0:17  Pylon  
  14  0:24  Probe (Chrono Boost)  
  15  0:36  Probe (Chrono Boost), Gateway  
  16  0:43  Probe (Chrono Boost)  
  16  0:45  Assimilator  
  17  0:51  Probe  
  17  0:54  Assimilator  
  18  1:03  Probe (Chrono Boost)  
  19  1:09  Gateway  
  19  1:15  Probe (Chrono Boost)  
  20  1:21  Probe (Chrono Boost)  
  20  1:23  Cybernetics Core  
  21  1:29  Probe  
  22  1:34  Pylon  
  22  1:41  Probe  
  23  1:53  Probe  
  24  2:00  Stalker  
  24  2:01  Sentry  
  28  2:02  Warp Gate (Chrono Boost)  
  28  2:05  Probe  
  29  2:12  Pylon  
  29  2:17  Probe  
  29  2:22  Pylon  
  31  2:35  Phoenix  
  31  2:36  Stalker x2  
  34  2:51  Nexus  
  34  3:05  Shield Battery  
  34  3:06  Stalker  
  34  3:08  Stalker  
  38  3:17  Pylon  
  38  3:20  Shield Battery  
  38  3:36  Probe  
  39  3:46  Stalker x2  
  39  3:48  Probe  
  44  3:51  Twilight Council  
  44  3:55  Shield Battery  
  44  4:00  Probe  
  45  4:06  Probe  
  42  4:18  Stalker  
  42  4:19  Probe  
  42  4:22  Stalker  
  39  4:25  Probe  
  39  4:31  Probe  
  38  4:37  Probe  
  32  4:40  Stalker  
  32  4:43  Probe  
  33  4:51  Blink (Chrono Boost)  
  28  4:55  Probe  
  26  5:00  Probe (Chrono Boost)  
  25  5:08  Probe (Chrono Boost)  
  27  5:18  Probe (Chrono Boost)  
  27  5:19  Probe (Chrono Boost)  
  26  5:25  Probe (Chrono Boost)  
  26  5:26  Probe (Chrono Boost)  
  28  5:30  Adept x2  
  28  5:35  Probe (Chrono Boost)  
  34  5:38  Probe (Chrono Boost)  
  34  5:40  Probe (Chrono Boost)  
  35  5:47  Probe  
  36  5:50  Probe  
  37  5:59  Probe  
  37  6:02  Probe  
  37  6:07  Adept  
  39  6:12  Probe  
  39  6:15  Probe  
  39  6:16  Stalker  
  43  6:19  Robotics Facility  
  43  6:24  Probe  
  44  6:26  Pylon  
  44  6:27  Probe, Shield Battery  
  44  6:31  Shield Battery  
  41  6:36  Probe  
  41  6:39  Probe  
  36  6:48  Probe  
  36  6:49  Stalker  
  36  6:51  Probe  
  33  7:00  Probe  
  33  7:03  Probe, Stalker  
  36  7:12  Observer, Probe (Chrono Boost)  
  39  7:15  Probe (Chrono Boost)  
  39  7:22  Pylon  
  40  7:24  Probe (Chrono Boost)  
  40  7:25  Probe (Chrono Boost)  
  40  7:28  Probe (Chrono Boost)  
  39  7:30  Probe (Chrono Boost)  
  41  7:38  Probe (Chrono Boost)  
  41  7:43  Probe (Chrono Boost)  
  43  7:47  Stalker  
  43  7:50  Probe (Chrono Boost)  
  46  7:56  Stalker  
  50  7:58  Probe (Chrono Boost)  
  50  7:59  Probe (Chrono Boost)  
  50  8:05  Probe  
  50  8:06  Probe  
  50  8:11  Observer  
  53  8:17  Probe  
  53  8:18  Probe  
  54  8:20  Stalker  
  54  8:21  Stalker  
  58  8:28  Nexus  
  58  8:29  Probe  
  58  8:30  Probe  
  60  8:35  Assimilator  
  60  8:37  Forge  
  60  8:43  Probe x2  
  60  8:48  Charge  
  62  8:55  Probe  
  63  8:58  Gateway  
  63  9:00  Gateway  
  63  9:04  Observer  
  63  9:05  Probe  
  63  9:09  Probe  
  65  9:17  Probe  
  64  9:21  Probe  
  64  9:22  Stalker x2  
  64  9:23  Protoss Ground Weapons Level 1 (Chrono Boost)  
  69  9:29  Probe  
  70  9:35  Probe  
  70  9:37  Immortal (Chrono Boost)  
  69  9:41  Probe, Observer  
  69  9:42  Probe  
  69  9:47  Probe  
  69  9:50  Adept x2  
  74  9:53  Probe  
  74  9:54  Probe  
  74  9:59  Probe  
  77  10:01  Stalker  
  77  10:02  Pylon  
  77  10:04  Stalker  
  77  10:05  Probe  
  77  10:06  Probe  
  83  10:07  Pylon  
  83  10:11  Probe  
  83  10:12  Pylon  
  84  10:17  Probe  
  85  10:21  Pylon  
  85  10:27  Shield Battery, Immortal (Chrono Boost), Stalker x3  
  95  10:31  Stalker  
  97  10:35  Pylon  
  92  10:51  Stalker x3  
  85  11:11  Observer  
  85  11:13  Observer  
  85  11:14  Protoss Ground Weapons Level 2 (Chrono Boost)  
  81  11:20  Probe x3  
  81  11:25  Immortal  
  88  11:28  Nexus  
  88  11:32  Probe, Pylon  
  89  11:35  Probe x2  
  91  11:44  Probe  
  92  11:47  Probe, Gateway, Pylon  
  92  11:50  Gateway  
  93  11:55  Gateway  
  93  12:03  Observer  
  93  12:05  Observer  
  93  12:06  Stalker x4  
  99  12:10  Shield Battery x2  
  99  12:11  Shield Battery  
  99  12:14  Immortal  
  101  12:18  Assimilator  
  101  12:23  Gateway, Pylon  
  101  12:30  Templar Archives  
  101  12:34  Zealot x3  
  101  12:35  Zealot  
  106  12:44  Zealot  
  106  12:45  Zealot  
  106  12:56  Immortal  
  106  12:57  Zealot x3  
  116  13:01  Zealot  
  116  13:03  Probe x2  
  116  13:04  Probe x2  
  121  13:15  Probe  
  121  13:16  Probe x2  
  121  13:18  Zealot x4  
  120  13:22  Zealot  
  120  13:23  Zealot  
  120  13:24  Probe  
  115  13:31  Probe  
  115  13:32  Zealot x2  
  114  13:38  Probe  
  112  13:43  High Templar x4  
Tags
 
Add a new tag
Caveats
  • Supply blocks, unpowered buildings, or Contaminate may cause inaccurate times.
  • Supply counts are checked every 10 seconds.